 Dungeon Crawl Stone Soup version 0.26-a0-682-g294304f6e8 (webtiles) character file.

Game seed: 16797938030412018630

490445 grandjackal the Slayer (level 23, -1/246 HPs)
             Began as a Demonspawn Gladiator on Oct 20, 2020.
             Was the Champion of Wu Jian.
             Slain by a juggernaut (25 damage)
             ... on level 2 of the Depths.
             The game lasted 02:29:28 (46428 turns).

grandjackal the Slayer (Demonspawn Gladiator)      Turns: 46428, Time: 02:29:28

Health: -1/246     AC: 20    Str: 27    XL:     23   Next: 57%
Magic:  32/32      EV: 28    Int: 13    God:    Wu Jian [******]
Gold:   7424       SH: 15    Dex: 21    Spells: 22/22 levels left

rFire    + . .     SeeInvis +   L - +13 Maxwell's thermic engine {flame, freeze}
rCold    + + .     Faith    .   e - +0 kite shield "Niogulu" {rC+ Str+4}
rNeg     + . .     Spirit   .   N - +5 leather armour of Sin {+Fly rElec rCorr}
rPois    .         Reflect  .   (helmet unavailable)
rElec    +         Harm     .   c - +2 cloak {Stlth+}
rCorr    +         Rampage  .   H - +2 pair of gloves
MR       +++..                  O - +2 pair of boots {run}
Stlth    +++++++++.             i - amulet of regeneration
HPRegen  2.91/turn              J - ring "Rohes" {+Blink rF+ MR+ Int+2}
MPRegen  0.23/turn              C - ring "Vici" {rC+ rN+ MP+9 Dex+2}

@: very slightly contaminated, lightly drained, invisible, quick
A: antennae 3, thin skeletal structure 3, clumsy 1, demonic guardian 3, magic
resistance 1, powered by death 3, robust 2
}: 3/15 runes: decaying, serpentine, abyssal
a: Wall Jump, Serpent's Lash, Heavenly Storm, Renounce Religion, Evoke Blink,
Evoke Flight


You were on level 2 of the Depths.
You worshipped Wu Jian.
Wu Jian was exalted by your worship.
You visited 10 branches of the dungeon, and saw 44 of its levels.
You visited the Abyss 1 time.
You visited 1 bazaar.
You also visited: Ossuary, Gauntlet and Ice Cave.

You collected 10769 gold pieces.
You spent 3345 gold pieces at shops.

Inventory:

Hand Weapons
 I - a +0 short sword of draining
 L - the +13 Maxwell's thermic engine (weapon) {flame, freeze}
   (You acquired it on level 1 of the Elven Halls)

   It has been specially enchanted to burn those struck by it, causing extra
   injury to most foes and up to half again as much damage against particularly
   susceptible opponents.
   Big, fiery blades are also staple armaments of hydra-hunters.
   It has been specially enchanted to freeze those struck by it, causing extra
   injury to most foes and up to half again as much damage against particularly
   susceptible opponents.
Missiles
 d - 2 throwing nets (quivered)
Armour
 c - a +2 cloak of stealth (worn)
 e - the +0 kite shield "Niogulu" (worn) {rC+ Str+4}
   (You took it off a minotaur in a Gauntlet)

   It affects your strength (+4).
   It protects you from cold.
 H - a +2 pair of gloves (worn)
 N - the +5 leather armour of Sin (worn) {+Fly rElec rCorr}
   (You found it on level 10 of the Dungeon)

   It insulates you from electricity.
   It lets you fly.
   It provides partial protection from all sources of acid and corrosion.
 O - a +2 pair of boots of running (worn)
 V - a +1 kite shield of fire resistance
 Y - the +9 scales of the Dragon King {rPois rF+ rC+ MR+}
   (You found it on level 3 of the Crypt)

   It protects you from fire.
   It protects you from cold.
   It protects you from poison.
   It affects your resistance to hostile enchantments.
Jewellery
 i - an amulet of regeneration (around neck)
 r - an uncursed ring of poison resistance
 B - the ring "Bugobar" {+Fly rN+ Int+2}
   (You bought it in a shop in a bazaar)

   [ring of positive energy]

   It affects your intelligence (+2).
   It protects you from negative energy.
   It lets you fly.
 C - the ring "Vici" (right hand) {rC+ rN+ MP+9 Dex+2}
   (You bought it in a shop on level 2 of the Orcish Mines)

   [ring of protection from cold]

   It affects your dexterity (+2).
   It protects you from cold.
   It protects you from negative energy.
   It affects your magic capacity (+9).
 E - an uncursed ring of resist corrosion
 J - the ring "Rohes" (left hand) {+Blink rF+ MR+ Int+2}
   (You found it on level 1 of the Depths)

   [ring of protection from fire]

   It affects your intelligence (+2).
   It protects you from fire.
   It affects your resistance to hostile enchantments.
   It lets you blink.
 S - the ring "Yjauhah" {rC+ Str+4}
   (You bought it in a shop on level 11 of the Dungeon)

   [ring of protection from cold]

   It affects your strength (+4).
   It protects you from cold.
Wands
 F - a wand of acid (48)
 M - a wand of digging (23)
 W - a wand of iceblast (30)
Scrolls
 b - 12 scrolls of remove curse
 j - 3 scrolls of brand weapon
 k - 24 scrolls of identify
 l - 10 scrolls of fear
 o - 32 scrolls of teleportation
 p - 4 scrolls of magic mapping
 q - 8 scrolls of blinking
 v - 15 scrolls of enchant armour
 y - 9 scrolls of fog
 A - 10 scrolls of enchant weapon
 Q - 3 scrolls of summoning
 U - 3 scrolls of immolation
 X - 5 scrolls of vulnerability
Potions
 a - 3 potions of might
 g - a potion of experience
 h - 11 potions of ambrosia
 m - 6 potions of haste
 n - 5 potions of cancellation
 s - 19 potions of heal wounds
 u - 16 potions of curing
 w - 6 potions of brilliance
 x - 9 potions of magic
 z - 6 potions of lignification
 D - 5 potions of flight
 G - 13 potions of stabbing
 K - 4 potions of mutation
 R - a potion of berserk rage
 T - 2 potions of resistance
 Z - a potion of invisibility
Miscellaneous
 f - a condenser vane (2/2)


   Skills:
 + Level 22.9(22.8) Fighting
 - Level 16.0 Long Blades
 - Level 1.7 Throwing
 - Level 11.1(11.0) Armour
 + Level 18.0 Dodging
 - Level 15.0(14.9) Stealth
 - Level 15.1 Shields
 + Level 7.7 Evocations


You had 22 spell levels left.
You didn't know any spells.
Your spell library contained the following spells:

 Spells                   Type           Power        Failure   Level
 Animate Skeleton         Necr           #.....       34%         1
 Beastly Appendage        Tmut           #.....       34%         1
 Corona                   Hex            #......      34%         1
 Freeze                   Ice            #...         34%         1
 Magic Dart               Conj           #...         34%         1
 Sandblast                Erth           #.....       34%         1
 Shock                    Conj/Air       #...         34%         1
 Blink                    Tloc           N/A          45%         2
 Call Imp                 Summ           #.......     45%         2
 Corpse Rot               Necr/Air       N/A          45%         2
 Ensorcelled Hibernation  Hex/Ice        #.....       45%         2
 Passwall                 Tmut/Erth      #.......     45%         2
 Searing Ray              Conj           #.....       45%         2
 Slow                     Hex            #.......     45%         2
 Sublimation of Blood     Necr           #.........   45%         2
 Swiftness                Air            #.......     45%         2
 Wereblood                Tmut           #.......     45%         2
 Confusing Touch          Hex            #.......     71%         3
 Conjure Flame            Conj/Fire      #.......     71%         3
 Dazzling Flash           Conj/Hex       #.....       71%         3
 Frozen Ramparts          Ice            #.....       71%         3
 Mephitic Cloud           Conj/Pois/Air  #.......     71%         3
 Ozocubu's Armour         Ice            #.......     71%         3
 Spider Form              Tmut/Pois      #.........   71%         3
 Static Discharge         Conj/Air       #.......     71%         3
 Stone Arrow              Conj/Erth      #.....       71%         3
 Tukima's Dance           Hex            #.......     71%         3
 Vampiric Draining        Necr           #.........   71%         3
 Airstrike                Air            #.........   98%         4
 Animate Dead             Necr           #.........   98%         4
 Dispel Undead            Necr           #.......     98%         4
 Fulminant Prism          Conj/Hex       #.........   98%         4
 Hailstorm                Conj/Ice       #.......     98%         4
 Ice Form                 Ice/Tmut       #.......     98%         4
 Iskenderun's Mystic Bla  Conj/Tloc      #.......     98%         4
 Leda's Liquefaction      Hex/Erth       #.........   98%         4
 Petrify                  Tmut/Erth      #.......     98%         4
 Summon Ice Beast         Ice/Summ       #.......     98%         4
 Summon Lightning Spire   Summ/Air       #.......     98%         4
 Alistair's Intoxication  Tmut/Pois      #........    100%        5
 Blade Hands              Tmut           #.........   100%        5
 Bolt of Magma            Conj/Fire/Erth #.........   100%        5
 Borgnjor's Vile Clutch   Necr/Erth      #.........   100%        5
 Irradiate                Conj/Tmut      #.........   100%        5
 Iskenderun's Battlesphe  Conj           #.......     100%        5
 Lee's Rapid Deconstruct  Erth           #.........   100%        5
 Lightning Bolt           Conj/Air       #.........   100%        5
 Silence                  Hex/Air        #.........   100%        5
 Conjure Ball Lightning   Conj/Air       #.........   100%        6
 Death Channel            Necr           #.........   100%        6
 Iron Shot                Conj/Erth      #.........   100%        6
 Statue Form              Tmut/Erth      #........    100%        6
 Orb of Destruction       Conj           #.........   100%        7
 Spellforged Servitor     Conj/Summ      #.........   100%        7
 Ignition                 Fire           #.........   100%        8
 Shatter                  Erth           #.........   100%        9
 Tornado                  Air            #.........   100%        9


Dungeon Overview and Level Annotations

Branches:
Dungeon (15/15)            Temple (1/1) D:4            Lair (6/6) D:8
  Swamp (4/4) Lair:3        Snake (4/4) Lair:2        Slime (0/5) Lair:6
    Orc (2/2) D:10            Elf (3/3) Orc:2        Vaults (4/5) D:14
  Crypt (3/3) Vaults:2       Tomb (0/3) Crypt:3      Depths (2/5) D:15
Ossuary (visited)           IceCv (visited)         Gauntlet (visited)

Altars:
Ashenzari
Cheibriados
Dithmenos
Elyvilon
Gozag
Hepliaklqana
Kikubaaqudgha
Okawaru
Qazlal
Vehumet
Wu Jian
Xom
Yredelemnul
The Shining One
Beogh

Shops:
D:11 *   D:12 ?   Orc:1 ?   Orc:2 =(*=[   Elf:1 [?   Elf:2 !(   Snake:2 =}}
Snake:3 ?

Portals:
Hell: Depths:1 Depths:2
Abyss: Depths:1
Pandemonium: Depths:2

Annotations:
D:6 1 runed translucent door, DylanTheDylan's ghost, novice HaHu
D:7 3 runed translucent doors, Demosthentine's ghost, novice FoFi
Elf:2 1 runed translucent door
Crypt:2 1 runed translucent door, yalue's ghost, adept MiFi


Innate Abilities, Weirdness & Mutations

You have a pair of large antennae on your head. (SInv)
You have an unnaturally thin skeletal structure. (Dex +6, Stealth++)
A powerful demonic guardian rushes to your aid.
You regenerate a lot of health from kills.
You are very robust. (+20% HP)
You are clumsy. (Dex -2)
You are resistant to hostile enchantments. (MR+)


Message History

The juggernaut is lightly wounded.
Unknown command.
You slash the juggernaut! You burn the juggernaut. You freeze the juggernaut.
The juggernaut is moderately wounded.
Unknown command.
You barely miss the juggernaut.
The juggernaut is moderately wounded.
The deep troll earth mage casts a spell at the tentacled monstrosity.
The wall shatters!
The blast of rock fragments hits the juggernaut!
The blast of rock fragments hits your Executioner!
The blast of rock fragments hits the shadow dragon!
You hear a deafening roar!
You open the juggernaut like a pillowcase!!!
You burn the juggernaut!! You freeze the juggernaut.
The juggernaut is severely wounded.
The juggernaut hits you!!!
* * * LOW HITPOINT WARNING * * *
The juggernaut hits you!!
You die...

...##)(##...##### #.#....#####
...##))##........###.#....P≈PPPP
...#+##+#...####...#..[...P≈≈P≈P≈
#...# ...#'##+#...#.##...≈≈P≈≈≈
#.... ....##).##...).##..P≈≈PP≈≈
.....##})##.##..##..≈≈PP≈≈≈
#####.####'#.##..##...≈≈≈≈≈≈ ##
## ###..##......R.≈≈PG≈ )[$
#1.@.##.##...≈≈P≈≈J≈ ....
##C.###.##....≈P≈≈P≈ ..... ##D#.#
..#....≈≈≈≈≈≈P
...{{{##X#####..#....≈≈≈≈P≈≈
|.i{i{CiT{# ...#....######♣
.:.{DDTi{.# #...##...#
......##.## ##### .....# ##'
....# #.


You could see a juggernaut, a shadow dragon, a tentacled monstrosity, an iron
dragon, a stone giant, 2 spriggan defenders, a deep troll (fast), a deep troll
earth mage (fast, strong) and a friendly Executioner (summoned).

Vanquished Creatures
  Mennas (Crypt:2)
  the Lernaean hydra (Swamp:3)
  Saint Roka (Crypt:2)
  Boris (Vaults:4)
  Margery (Crypt:2)
  Vashnia (Snake:4)
  A golden dragon (Depths:2)
  Nikola (Swamp:4)
  A profane servitor (Crypt:3)
  Jory (Crypt:3)
  5 liches
  2 bone dragons
  Jorgrun (Swamp:3)
  A tentacled monstrosity (Abyss:3)
  An Ice Fiend (IceCv)
  Rupert (Lair:3)
  A shard shrike zombie (Crypt:2)
  2 deep elf blademasters
  A titan (Depths:2)
  2 deep elf master archers (Elf:3)
  An ancient champion (Crypt:3)
  3 sphinxes
  A thorn hunter (Swamp:3)
  Kirke (Lair:5)
  2 tengu reavers
  Donald (Swamp:3)
  5 deep elf sorcerers
  4 fire giants
  11 nagarajas
  4 revenants
  2 frost giants
  9 vault wardens
  13 ghouls
  A cacodemon (Crypt:3)
  Aizul (Snake:2)
  6 stone giants
  2 curse skulls
  6 deep elf elementalists
  8 ironheart preservers
  7 vampire knights
  6 very ugly things
  5 deep elf annihilators (Elf:3)
  A green draconian (Vaults:1)
  2 deep elf demonologists (Elf:3)
  A minotaur (Gauntlet)
  An eidolon (Crypt:2)
  2 merfolk javelineers (Depths:1)
  11 deep elf death magi
  6 ettins
  A green death (Abyss:3)
  21 jiangshi
  Fannar (Lair:3)
  4 yaktaur captains
  6 fire dragons
  4 deep elf high priests
  2 rakshasas
  4 great orbs of eyes
  8 vault guards
  5 boulder beetles
  7 anacondas
  12 naga warriors
  6 ice dragons
  A quicksilver dragon skeleton (Crypt:1)
  2 ghost crabs (Swamp:2)
  Harold (D:10)
  20 hydras
  19 two-headed ogres
  A spectral fire giant (Crypt:3)
  13 centaur warriors
  2 shambling mangroves
  2 death knights (Crypt:3)
  24 dancing weapons
  16 alligators
  6 ogre magi
  A tengu warrior (Depths:2)
  2 deep troll earth magi
  2 soul eaters
  A queen ant (D:11)
  5 vampire magi
  Urug (D:14)
  5 shock serpents
  18 naga sharpshooters
  23 deep elf knights
  2 wretched stars (Abyss:3)
  28 skeletal warriors
  9 shadow wraiths
  6 hell knights
  A golden dragon zombie (Crypt:1)
  2 unseen horrors
  2 spriggan druids (Swamp:2)
  A deep troll (shapeshifter) (Depths:2)
  An unseen horror (shapeshifter) (Depths:1)
  5 flayed ghosts
  11 ironbrand convokers
  A lindwurm (shapeshifter) (D:15)
  9 deep trolls
  A shadow dragon zombie (Vaults:4)
  A tengu zombie (Vaults:4)
  16 swamp dragons
  A golden dragon skeleton (Crypt:1)
  10 harpies (Vaults:3)
  A spectral iron dragon (Crypt:3)
  19 deep elf archers
  A lindwurm (Lair:6)
  8 naga ritualists (Snake:4)
  8 necromancers
  4 phantasmal warriors
  4 wizards
  A sphinx zombie (Crypt:2)
  56 deep elf magi
  2 harpies (shapeshifter)
  6 mana vipers
  18 cyclopes
  A manticore (D:15)
  22 ugly things
  An oklob plant (Lair:5)
  3 orc sorcerers
  15 orc knights
  6 wolf spiders
  A guardian serpent (shapeshifter) (D:15)
  A moth of wrath (shapeshifter) (Depths:2)
  A worldbinder (Gauntlet)
  A stone giant skeleton (Vaults:1)
  A spriggan zombie (Depths:2)
  4 salamanders
  A guardian serpent (Snake:4)
  Maurice (D:10)
  15 vault sentinels
  7 torpor snails
  A black mamba (shapeshifter) (Vaults:4)
  An orange demon (Abyss:3)
  An ice statue (IceCv)
  17 naga magi
  23 black mambas
  A gargoyle (D:12)
  A smoke demon (Abyss:3)
  14 cane toads
  An efreet (Elf:2)
  5 ice devils
  14 komodo dragons
  29 yaktaurs
  A cane toad (shapeshifter) (Vaults:3)
  A komodo dragon (shapeshifter) (Vaults:1)
  2 anaconda simulacra (IceCv)
  3 rime drakes
  9 freezing wraiths
  2 golden dragon simulacra (IceCv)
  2 tengu conjurers
  2 harpy zombies
  A death yak skeleton (Crypt:2)
  2 queen bees
  A troll (shapeshifter) (Vaults:2)
  An ancient zyme (Abyss:3)
  3 meliai (D:15)
  6 trolls
  4 polar bears
  Prince Ribbit (D:9)
  10 tyrant leeches
  A raiju (shapeshifter) (Depths:1)
  30 slime creatures
  12 bog bodies
  8 dream sheep
  12 hornets
  9 raiju (Abyss:3)
  A dream sheep (shapeshifter) (Vaults:2)
  3 human simulacra
  25 blink frogs
  A death drake skeleton (Crypt:1)
  A frost giant simulacrum (Crypt:1)
  9 shadows
  A stone giant simulacrum (Depths:2)
  2 fire giant simulacra
  A snapping turtle (shapeshifter) (Abyss:3)
  44 flying skulls (Crypt:3)
  A spriggan (shapeshifter) (Vaults:3)
  An alligator skeleton (Crypt:2)
  A vampire (D:13)
  41 yaks
  8 water elementals
  10 wraiths
  3 spriggans
  9 large abominations
  2 air elementals
  16 humans (D:14)
  3 small abominations
  6 wyverns
  3 ynoxinuls (Abyss:3)
  3 fire elementals (Elf:2)
  2 hogs (Lair:5)
  A steam dragon (Lair:6)
  33 vampire mosquitoes
  A yaktaur simulacrum (Vaults:4)
  2 basilisks
  A neqoxec (Abyss:3)
  A death yak simulacrum (IceCv)
  A chaos spawn (Abyss:3)
  4 harpy simulacra (IceCv)
  3 insubstantial wisps (Swamp:2)
  2 acid dragons (Lair:6)
  5 wargs
  14 swamp worms
  32 nagas
  3 iron troll simulacra (IceCv)
  2 hydra simulacra (IceCv)
  6 soldier ants
  16 water moccasins
  A deep troll skeleton (Vaults:1)
  15 swamp drakes
  4 sky beasts
  6 necrophages
  41 orc warriors
  3 black bears
  4 ice beasts
  2 ettin simulacra
  25 wolves
  2 phantoms
  A dream sheep skeleton (Crypt:1)
  30 ogres
  A swamp dragon skeleton (Crypt:1)
  10 boggarts
  15 centaurs
  2 human skeletons
  3 big kobolds
  5 elf zombies
  16 bullfrogs
  A gnoll sergeant (D:10)
  2 earth elementals (Elf:3)
  A wyvern zombie (Crypt:2)
  A water moccasin zombie (D:9)
  A polar bear zombie (Crypt:2)
  4 scorpions
  An elf simulacrum (Vaults:3)
  20 killer bees
  9 wights
  2 manticore simulacra
  An orc simulacrum (Vaults:2)
  A spriggan skeleton (Crypt:1)
  A yak skeleton (Crypt:1)
  5 electric eels
  A howler monkey (D:4)
  4 draconian simulacra (IceCv)
  14 hounds
  A bullfrog zombie (D:5)
  4 centaur zombies
  3 human zombies
  33 orc priests
  A gnoll shaman (D:5)
  11 jellies
  36 orc wizards
  5 centaur skeletons
  An iron imp (Depths:2)
  Ijyb (D:3)
  5 iguanas
  8 hell rats (Lair:4)
  A polar bear simulacrum (IceCv)
  3 spriggan simulacra (IceCv)
  A worker ant (shapeshifter) (D:14)
  3 troll simulacra (IceCv)
  32 worker ants
  A wolf simulacrum (IceCv)
  2 centaur simulacra (IceCv)
  A big kobold zombie (Ossuary)
  A hound zombie (D:7)
  3 hound skeletons
  2 mummies (Ossuary)
  7 gnolls
  15 adders
  An ogre simulacrum (IceCv)
  3 naga simulacra (IceCv)
  2 shadow imps (D:7)
  7 white imps
  10 ufetubi
  14 oozes
  2 adder skeletons
  A halfling skeleton (Crypt:1)
  An iguana skeleton (Crypt:2)
  3 worms
  A dart slug (D:1)
  2 leopard geckos
  119 orcs
  2 ball pythons
  A bat skeleton (Crypt:1)
  8 giant cockroaches
  6 goblins
  8 hobgoblins
  9 quokkas
  9 bats
  6 frilled lizards
  A goblin zombie (Crypt:2)
  7 hobgoblin zombies (Ossuary)
  A jackal zombie (Ossuary)
  26 kobolds
  12 kobold zombies (Ossuary)
  7 orc zombies (Ossuary)
  A quokka skeleton (D:9)
  8 rats
  A river rat skeleton (Crypt:2)
  A fungus (Orc:2)
1983 creatures vanquished.

Vanquished Creatures (collateral kills)
  A lich (Crypt:3)
  A sphinx (Vaults:1)
  A tengu reaver (Depths:2)
  A nagaraja (Snake:4)
  A vault warden (Vaults:1)
  An ironheart preserver (Vaults:4)
  2 ghouls (Crypt:1)
  A deep elf demonologist (Elf:3)
  A fire dragon (Vaults:4)
  A vault guard (Vaults:3)
  A hydra (Lair:1)
  A death knight (Crypt:3)
  An alligator (Swamp:3)
  2 ogre magi
  2 two-headed ogres (Vaults:3)
  A dancing weapon (Elf:2)
  A soul eater (Crypt:1)
  A hell knight (Crypt:2)
  3 deep elf knights
  A naga sharpshooter (Snake:4)
  3 skeletal warriors
  A death drake (shapeshifter) (D:13)
  A flayed ghost (Crypt:2)
  An ironbrand convoker (Vaults:4)
  4 deep elf magi
  A harpy (Vaults:4)
  A necromancer (Crypt:2)
  A frost giant zombie (Crypt:1)
  A salamander (Snake:1)
  A cyclops (D:15)
  An ugly thing (D:11)
  A fire giant skeleton (Crypt:1)
  A cane toad (Lair:2)
  A vault sentinel (Vaults:1)
  A centaur skeleton (D:14)
  A gargoyle (D:15)
  2 yaktaurs (Vaults:3)
  A polar bear (Lair:4)
  4 slime creatures
  A sea snake skeleton (Crypt:2)
  A dream sheep (Lair:5)
  A boulder beetle zombie (Vaults:1)
  A bog body (Crypt:2)
  An ettin zombie (Crypt:3)
  2 flying skulls (Crypt:3)
  A hog (Lair:5)
  A vampire mosquito (Swamp:3)
  A naga (Snake:4)
  3 swamp worms
  A soldier ant (D:11)
  A water moccasin (Lair:6)
  4 swamp drakes
  2 ogres (Vaults:3)
  An orc warrior (Crypt:2)
  2 wolves (Lair:4)
  A human zombie (Vaults:1)
  A killer bee (D:10)
  A jelly (D:9)
  3 orc wizards
  An orc priest (Orc:2)
  2 oozes (Lair:5)
  4 orcs
  2 kobolds
  2 rat zombies (Ossuary)
94 creatures vanquished.

Vanquished Creatures (others)
  A tentacled monstrosity (Elf:2)
  A hydra (Swamp:4)
  A deep elf knight (Vaults:3)
  An apocalypse crab (Elf:2)
  An iguana (Lair:6)
  An adder (Snake:1)
  A white imp (IceCv)
  An orc (Orc:2)
  40 fungi
  58 plants
106 creatures vanquished.

Grand Total: 2183 creatures vanquished

Notes
Turn   | Place    | Note
-------+----------+-------------------------------------------
     0 | D:1      | grandjackal the Demonspawn Gladiator began the quest for
                  | the Orb.
     0 | D:1      | Reached XP level 1. HP: 16/16 MP: 1/1
   166 | D:1      | Gained mutation: You have a somewhat thin skeletal
                  | structure. (Dex +2, Stealth) [demonic ancestry]
   166 | D:1      | Reached XP level 2. HP: 21/22 MP: 2/2
   933 | D:1      | Gained mutation: You have a moderately thin skeletal
                  | structure. (Dex +4, Stealth+) [demonic ancestry]
   933 | D:1      | Reached XP level 3. HP: 24/28 MP: 3/3
  1083 | D:2      | Reached skill level 1 in Stealth
  1484 | D:2      | Gained mutation: You have an unnaturally thin skeletal
                  | structure. (Dex +6, Stealth++) [demonic ancestry]
  1484 | D:2      | Reached XP level 4. HP: 31/34 MP: 4/4
  2249 | D:3      | Noticed Ijyb
  2260 | D:3      | Reached skill level 3 in Fighting
  2283 | D:3      | Killed Ijyb
  2283 | D:3      | Reached XP level 5. HP: 41/41 MP: 5/5
  2881 | D:4      | Found a staircase to the Ecumenical Temple.
  2961 | D:4      | Gained mutation: You regenerate a little health from kills.
                  | [demonic ancestry]
  2961 | D:4      | Reached XP level 6. HP: 28/47 MP: 6/6
  3038 | Temple   | Entered the Ecumenical Temple
  3044 | Temple   | Became a worshipper of the Wu Jian Council
  3232 | D:4      | Reached skill level 4 in Fighting
  3315 | D:5      | Entered Level 5 of the Dungeon
  3326 | D:5      | Gained mutation: A weak demonic guardian rushes to your
                  | aid. [demonic ancestry]
  3326 | D:5      | Reached XP level 7. HP: 37/54 MP: 7/7
  4086 | D:5      | Reached * piety under Wu Jian
  4569 | D:6      | Reached skill level 5 in Long Blades
  4569 | D:6      | Reached skill level 5 in Dodging
  4581 | D:6      | Found a runed translucent door.
  4581 | D:6      | Noticed DylanTheDylan's ghost (novice HaHu)
  4590 | D:6      | Reached skill level 5 in Fighting
  4647 | D:6      | Found a sand-covered staircase.
  4659 | D:6      | Gained mutation: You regenerate health from kills. [demonic
                  | ancestry]
  4659 | D:6      | Reached XP level 8. HP: 60/62 MP: 8/8
  4662 | Ossuary  | Entered an ossuary
  4764 | Ossuary  | Reached ** piety under Wu Jian
  5452 | D:7      | Reached skill level 5 in Stealth
  5539 | D:7      | Reached skill level 6 in Fighting
  5694 | D:7      | Reached *** piety under Wu Jian
  5702 | D:7      | Reached XP level 9. HP: 69/69 MP: 9/9
  5714 | D:7      | Found a runed translucent gate.
  5714 | D:7      | Found a runed translucent gate.
  5714 | D:7      | Found a runed translucent gate.
  5806 | D:7      | Noticed Demosthentine's ghost (novice FoFi)
  5871 | D:8      | Noticed a troll
  5924 | D:8      | Killed a troll
  6312 | D:8      | Found a staircase to the Lair.
  6357 | D:8      | Reached skill level 7 in Fighting
  6449 | D:8      | Reached **** piety under Wu Jian
  6547 | D:8      | Noticed a two-headed ogre
  6558 | D:8      | Killed a two-headed ogre
  6559 | D:8      | Reached XP level 10. HP: 28/79 MP: 10/10
  6653 | D:8      | Found an ancient bone altar of Kikubaaqudgha.
  6654 | D:8      | Found a stormy altar of Qazlal.
  6655 | D:8      | Found an opulent altar of Gozag.
  6661 | D:8      | Found a glowing golden altar of the Shining One.
  7364 | D:9      | Noticed Prince Ribbit
  7377 | D:9      | Killed Prince Ribbit
  7466 | D:9      | Reached skill level 8 in Fighting
  7528 | D:9      | Reached ***** piety under Wu Jian
  7658 | D:10     | Entered Level 10 of the Dungeon
  7664 | D:10     | Noticed Harold
  7683 | D:10     | Killed Harold
  7734 | D:10     | Noticed a two-headed ogre
  7750 | D:10     | Killed a two-headed ogre
  7774 | D:10     | Noticed Maurice
  7784 | D:10     | Killed Maurice
  7784 | D:10     | Gained mutation: You have a pair of small antennae on your
                  | head. [demonic ancestry]
  7784 | D:10     | Reached XP level 11. HP: 86/87 MP: 11/11
  7844 | D:10     | Found a staircase to the Orcish Mines.
  7985 | D:10     | Got a ruby-encrusted leather armour
  7996 | D:10     | Identified the +5 leather armour of Sin {+Fly rElec rCorr}
                  | (You found it on level 10 of the Dungeon)
  8230 | D:11     | Noticed a brown ugly thing
  8244 | D:11     | Killed a brown ugly thing
  8244 | D:11     | Reached skill level 9 in Fighting
  8362 | D:11     | Found a gate leading to a gauntlet.
  8371 | Gauntlet | Entered a Gauntlet
  8371 | Gauntlet | Found a transporter.
  8371 | Gauntlet | Found a transporter.
  8371 | Gauntlet | Found a transporter.
  8371 | Gauntlet | Found a runed translucent gate.
  8372 | Gauntlet | Found a transporter.
  8372 | Gauntlet | Noticed a queen ant
  8373 | Gauntlet | Found a runed translucent gate.
  8373 | Gauntlet | Found a transporter.
  8374 | Gauntlet | Found a runed translucent gate.
  8376 | Gauntlet | Found a transporter.
  8409 | Gauntlet | Found a runed translucent door.
  8412 | Gauntlet | Found a transporter.
  8413 | Gauntlet | Found a transporter.
  8417 | Gauntlet | Found a runed translucent door.
  8417 | Gauntlet | Found a runed translucent door.
  8422 | Gauntlet | Found a transporter.
  8431 | Gauntlet | Noticed an obsidian statue
  8440 | Gauntlet | Found a transporter.
  8440 | Gauntlet | Noticed an obsidian statue
  8459 | Gauntlet | Found a transporter.
  8460 | Gauntlet | Found a transporter.
  8467 | Gauntlet | Noticed a catoblepas
  8640 | Gauntlet | Noticed a death scarab
  8640 | Gauntlet | Noticed a death scarab
  8640 | Gauntlet | Noticed a death scarab
  8640 | Gauntlet | Noticed a death scarab
  8640 | Gauntlet | Noticed a death scarab
  8640 | Gauntlet | Noticed a death scarab
  8749 | Gauntlet | Identified the cursed +2 morningstar of Kismet {pain,
                  | *Noise Int+7}
  8749 | Gauntlet | Identified the cursed +0 kite shield "Niogulu" {rC+ Str+4}
  8749 | Gauntlet | Noticed a minotaur
  8772 | Gauntlet | Killed a minotaur
  8783 | Gauntlet | Identified the Guide on Changing
  8786 | Gauntlet | Identified Ysewuom's Compendium of Necromancy
  8794 | Gauntlet | Identified a +0 pair of boots of running (You found it in a
                  | Gauntlet)
  8869 | D:11     | Noticed a brown ugly thing
  8886 | D:11     | Killed a brown ugly thing
  8934 | D:11     | Noticed a red ugly thing
  8942 | D:11     | Killed a red ugly thing
  9067 | D:11     | Noticed a queen ant
  9281 | D:11     | Killed a queen ant
  9567 | D:11     | Found Esuuv's Assorted Antiques.
  9575 | D:11     | Bought a slimy iron ring for 165 gold pieces
  9575 | D:11     | Bought a scroll labeled NAIHOOCLAORU for 33 gold pieces
  9575 | D:11     | Bought 3 scrolls labeled ESITHOOCUL for 99 gold pieces
  9634 | D:11     | Identified the ring "Yjauhah" {rC+ Str+4} (You bought it in
                  | a shop on level 11 of the Dungeon)
  9686 | Orc:1    | Entered Level 1 of the Orcish Mines
  9790 | Orc:1    | Found a roughly hewn altar of Beogh.
  9808 | Orc:1    | Found Caemuadd's Magic Scroll Boutique.
  9827 | Orc:1    | Reached skill level 10 in Fighting
  9857 | Orc:1    | Bought a scroll of fog for 22 gold pieces
  9857 | Orc:1    | Bought a scroll of teleportation for 33 gold pieces
  9857 | Orc:1    | Bought a scroll of immolation for 38 gold pieces
  9857 | Orc:1    | Bought a scroll of blinking for 82 gold pieces
  9857 | Orc:1    | Bought a scroll of brand weapon for 220 gold pieces
  9857 | Orc:1    | Bought a scroll of summoning for 104 gold pieces
  9900 | Orc:1    | Noticed an orc knight
  9936 | Orc:1    | Killed an orc knight
 10146 | Orc:2    | Entered Level 2 of the Orcish Mines
 10150 | Orc:2    | Found Beveab's Jewellery Shoppe.
 10161 | Orc:2    | Found a staircase to the Elven Halls.
 10163 | Orc:2    | Noticed a stone giant
 10165 | Orc:2    | Reached XP level 12. HP: 67/97 MP: 12/12
 10277 | Orc:2    | Reached skill level 10 in Long Blades
 10277 | Orc:2    | Reached skill level 10 in Dodging
 10277 | Orc:2    | Reached skill level 10 in Stealth
 10277 | Orc:2    | Reached XP level 13. HP: 105/105 MP: 13/13
 10292 | Orc:2    | Killed a stone giant
 10292 | Orc:2    | Reached skill level 11 in Fighting
 10300 | Orc:2    | Found Suocuqipt's Antique Weapon Boutique.
 10478 | Orc:2    | Found Piagine's General Store.
 10479 | Orc:2    | Noticed an ettin
 10500 | Orc:2    | Killed an ettin
 10661 | Orc:2    | Bought a scroll of enchant weapon for 120 gold pieces
 10750 | Orc:1    | Reached ****** piety under Wu Jian
 10880 | Orc:2    | Found Olicw's Jewellery Emporium.
 10880 | Orc:2    | Found Sev Zipt's Antique Armour Emporium.
 10881 | Orc:2    | Reached skill level 1 in Shields
 11097 | Orc:2    | Noticed an ettin
 11104 | Orc:2    | Killed an ettin
 11176 | Orc:2    | Noticed an ettin
 11177 | Orc:2    | Gained mutation: You are clumsy. (Dex -2) [a neqoxec]
 11237 | Orc:2    | Killed an ettin
 11527 | Lair:1   | Entered Level 1 of the Lair of Beasts
 12405 | Lair:2   | Found a staircase to the Snake Pit.
 12666 | Lair:2   | Reached skill level 12 in Fighting
 13145 | Lair:3   | Noticed Rupert
 13145 | Lair:3   | Noticed Fannar
 13151 | Lair:3   | Paralysed by Rupert for 6 turns
 13184 | Lair:3   | Killed Rupert
 13184 | Lair:3   | Gained mutation: You have a pair of antennae on your head.
                  | [demonic ancestry]
 13184 | Lair:3   | Reached XP level 14. HP: 56/115 MP: 14/14
 13272 | Lair:3   | Killed Fannar
 14104 | Lair:4   | Reached skill level 5 in Shields
 15104 | Lair:5   | Noticed Kirke
 15140 | Lair:5   | Killed Kirke
 15758 | Lair:6   | Entered Level 6 of the Lair of Beasts
 15758 | Lair:6   | Found a staircase to the Slime Pits.
 15904 | Lair:6   | Reached skill level 13 in Fighting
 16572 | Lair:6   | Identified a scroll of acquirement
 16854 | Lair:6   | Found a runed translucent door.
 16915 | Lair:6   | Reached XP level 15. HP: 124/124 MP: 15/15
 17493 | Lair:6   | Acquired 1130 gold pieces
 17657 | Orc:2    | Bought the ring "Vici" {rC+ rN+ MP+9 Dex+2} for 948 gold
                  | pieces
 17811 | D:12     | Found Nisul's Magic Scroll Shoppe.
 17873 | D:12     | Bought a scroll of fog for 26 gold pieces
 17873 | D:12     | Bought a scroll of teleportation for 39 gold pieces
 17873 | D:12     | Bought a scroll of teleportation for 39 gold pieces
 17873 | D:12     | Bought a scroll of blinking for 97 gold pieces
 18621 | D:13     | You fall into a shaft and drop 1 floor!
 18621 | D:14     | Found a gate to the Vaults.
 18621 | D:14     | Noticed Urug
 18628 | D:14     | Killed Urug
 19499 | D:13     | Reached skill level 14 in Fighting
 20207 | D:15     | Entered Level 15 of the Dungeon
 20682 | D:15     | Reached XP level 16. HP: 133/133 MP: 16/16
 20854 | D:15     | Found a staircase to the Depths.
 21708 | Lair:3   | Found a staircase to the Swamp.
 21759 | Lair:3   | Upgraded the game from 0.26-a0-672-g1df16c3386 to
                  | 0.26-a0-682-g294304f6e8
 21904 | Elf:1    | Entered Level 1 of the Elven Halls
 22068 | Elf:1    | Found a frozen archway.
 22135 | IceCv    | Entered an ice cave
 22648 | IceCv    | Noticed an Ice Fiend
 22930 | IceCv    | Killed an Ice Fiend
 23031 | IceCv    | Found the -2 hat of the Alchemist {rElec rPois rF+ rC+ rN+
                  | MR+ rMut rCorr}
 23205 | Elf:1    | Found Buacybbi's Magic Scroll Emporium.
 23205 | Elf:1    | Found Geiz Vyr's Antique Armour Shoppe.
 23959 | Elf:1    | Identified Simoskud's Grimoire of Necromancy
 24631 | Elf:1    | Acquired the +2 Maxwell's thermic engine {flame, freeze}
 24632 | Elf:1    | Found the +2 Maxwell's thermic engine {flame, freeze}
 24673 | Elf:2    | Found Omieqor's Distillery.
 24686 | Elf:2    | Reached skill level 10 in Shields
 24716 | Elf:2    | Reached skill level 15 in Fighting
 24725 | Elf:2    | Bought a potion of cancellation for 96 gold pieces
 24725 | Elf:2    | Bought a potion of resistance for 120 gold pieces
 24725 | Elf:2    | Bought a potion of heal wounds for 60 gold pieces
 24725 | Elf:2    | Bought a potion of heal wounds for 60 gold pieces
 24725 | Elf:2    | Bought a potion of mutation for 96 gold pieces
 24725 | Elf:2    | Bought a potion of mutation for 96 gold pieces
 24975 | Elf:2    | Found Kuceag's Weapon Boutique.
 25061 | Elf:2    | Found a runed translucent door.
 25098 | Elf:2    | Found a runed translucent door.
 25411 | Elf:3    | Entered Level 3 of the Elven Halls
 25636 | Elf:3    | Reached skill level 15 in Stealth
 25757 | Elf:3    | Reached XP level 17. HP: 128/142 MP: 17/17
 26071 | Elf:3    | Noticed a Tzitzimitl
 26073 | Elf:3    | Noticed a deep elf master archer
 26292 | Elf:3    | Noticed a deep elf blademaster
 26319 | Elf:2    | Killed a deep elf blademaster
 26467 | Elf:3    | Cast into level 3 of the Abyss (a deep elf demonologist)
 26608 | Abyss:3  | Noticed a bone dragon
 26620 | Abyss:3  | Killed a bone dragon
 26788 | Abyss:3  | Noticed a lich
 26792 | Abyss:3  | Paralysed by a lich for 3 turns
 26801 | Abyss:3  | Killed a lich
 26904 | Abyss:3  | Noticed a tentacled monstrosity
 26904 | Abyss:3  | Noticed a tentacled monstrosity
 26904 | Abyss:3  | Noticed a kraken
 26907 | Abyss:3  | Got an abyssal rune of Zot
 26915 | Abyss:3  | Killed a tentacled monstrosity
 26917 | Elf:3    | Escaped the Abyss
 26919 | Elf:3    | Noticed a Tzitzimitl
 26952 | Elf:2    | Killed a tentacled monstrosity
 27097 | Elf:3    | Reached skill level 15 in Long Blades
 27122 | Elf:3    | Reached skill level 16 in Fighting
 27427 | Elf:3    | Noticed a deep elf blademaster
 27449 | Elf:3    | Killed a deep elf blademaster
 27458 | Elf:3    | Noticed a deep elf master archer
 27478 | Elf:3    | HP: 4/144 [deep elf master archer/arrow (33)]
 27479 | Elf:3    | Killed a deep elf master archer
 27963 | Elf:3    | Identified the +10 falchion of Hositu {speed, MP+9 Str+3
                  | Int-5}
 27963 | Elf:3    | Identified the +2 robe of Polytheism {Regen+ SInv}
 28029 | Elf:3    | Killed a deep elf master archer
 28558 | Elf:2    | Gained mutation: A demonic guardian rushes to your aid.
                  | [demonic ancestry]
 28558 | Elf:2    | Reached XP level 18. HP: 95/153 MP: 18/18
 29682 | Swamp:1  | Entered Level 1 of the Swamp
 30957 | Swamp:3  | Noticed Jorgrun
 30960 | Swamp:3  | Killed Jorgrun
 30970 | Swamp:3  | Noticed Nikola
 31002 | Swamp:3  | Reached skill level 17 in Fighting
 31075 | Swamp:3  | Identified the +3 kite shield of Goprio {Int+4 Dex+3
                  | Slay-4}
 31075 | Swamp:3  | Noticed Donald
 31082 | Swamp:3  | Killed Donald
 31709 | Swamp:4  | Entered Level 4 of the Swamp
 31739 | Swamp:4  | Killed Nikola
 31831 | Swamp:4  | Noticed the 27-headed Lernaean hydra
 31995 | Swamp:3  | Killed the 23-headed Lernaean hydra
 32131 | Swamp:4  | Gained mutation: You have a pair of large antennae on your
                  | head. (SInv) [demonic ancestry]
 32131 | Swamp:4  | Reached XP level 19. HP: 158/161 MP: 19/19
 32443 | Swamp:4  | Got a decaying rune of Zot
 32901 | Snake:1  | Entered Level 1 of the Snake Pit
 33633 | Snake:2  | Noticed Aizul
 33652 | Snake:2  | Killed Aizul
 34020 | Snake:2  | Reached skill level 18 in Fighting
 34050 | Snake:2  | Found Cevi Udo's Jewellery Shop.
 34050 | Snake:2  | Found Ukaxt's Gadget Emporium.
 34051 | Snake:2  | Found Puhi Ciy's Gadget Emporium.
 34139 | Snake:3  | Found Surruoh's Magic Scroll Shoppe.
 34150 | Snake:3  | Bought a scroll of teleportation for 33 gold pieces
 34150 | Snake:3  | Bought a scroll of teleportation for 33 gold pieces
 34150 | Snake:3  | Bought a scroll of blinking for 82 gold pieces
 34150 | Snake:3  | Bought a scroll of teleportation for 33 gold pieces
 34842 | Snake:4  | Entered Level 4 of the Snake Pit
 34864 | Snake:4  | Reached skill level 15 in Dodging
 34905 | Snake:4  | Noticed Vashnia
 34950 | Snake:4  | Killed Vashnia
 35248 | Snake:4  | Found a white marble altar of Elyvilon.
 35499 | Snake:4  | Gained mutation: A powerful demonic guardian rushes to your
                  | aid. [demonic ancestry]
 35499 | Snake:4  | Reached XP level 20. HP: 171/172 MP: 20/20
 35593 | Snake:4  | Got a serpentine rune of Zot
 35946 | Vaults:1 | Entered Level 1 of the Vaults
 36138 | Vaults:1 | Reached skill level 15 in Shields
 36358 | Vaults:1 | Reached skill level 19 in Fighting
 36374 | Vaults:1 | Reached skill level 1 in Armour
 37464 | Vaults:2 | Found a staircase to the Crypt.
 37521 | Vaults:2 | Reached skill level 5 in Armour
 38349 | Vaults:2 | Gained mutation: You are robust. (+10% HP) [demonic
                  | ancestry]
 38349 | Vaults:2 | Reached XP level 21. HP: 176/200 MP: 21/21
 38576 | Vaults:3 | Found a flickering gateway to a bazaar.
 38595 | Bazaar   | Entered a bazaar
 38595 | Bazaar   | Found Etooklag's General Store.
 38595 | Bazaar   | Found Ziqobutu's Magic Scroll Boutique.
 38602 | Bazaar   | Bought a potion of cancellation for 96 gold pieces
 38613 | Bazaar   | Bought a scroll of teleportation for 24 gold pieces
 38613 | Bazaar   | Bought a scroll of teleportation for 24 gold pieces
 38613 | Bazaar   | Bought a scroll of fear for 28 gold pieces
 38622 | Bazaar   | Found Cerr's Jewellery Boutique.
 38673 | Bazaar   | Found Subeteod's Book Shop.
 38731 | Bazaar   | Bought the ring "Bugobar" {+Fly rN+ Int+2} for 399 gold
                  | pieces
 38890 | Vaults:3 | Found a radiant altar of Vehumet.
 38930 | Vaults:3 | Reached skill level 20 in Fighting
 40502 | Vaults:4 | Noticed Boris
 40512 | Vaults:4 | Killed Boris
 40722 | Vaults:4 | Reached skill level 10 in Armour
 40859 | Vaults:4 | Reached skill level 21 in Fighting
 41571 | Crypt:1  | Entered Level 1 of the Crypt
 41720 | Crypt:1  | Gained mutation: You are very robust. (+20% HP) [demonic
                  | ancestry]
 41720 | Crypt:1  | Reached XP level 22. HP: 204/232 MP: 22/22
 42728 | Crypt:2  | Noticed Mennas
 42748 | Crypt:2  | Killed Mennas
 43202 | Crypt:2  | Noticed Saint Roka
 43217 | Crypt:2  | Killed Saint Roka
 43357 | Crypt:2  | Noticed Margery
 43361 | Crypt:2  | Found a runed translucent door.
 43361 | Crypt:2  | Found a shimmering altar of Xom.
 43361 | Crypt:2  | Noticed yalue's ghost (adept MiFi)
 43361 | Crypt:2  | Identified the +6 demon whip of Gravity {chaos, rF+ Int+4
                  | Stlth-}
 43370 | Crypt:2  | Reached skill level 22 in Fighting
 43381 | Crypt:2  | Killed Margery
 43738 | Crypt:3  | Entered Level 3 of the Crypt
 43776 | Crypt:3  | Reached skill level 1 in Evocations
 44019 | Crypt:3  | Found a basalt altar of Yredelemnul.
 44031 | Crypt:3  | Gained mutation: You are resistant to hostile enchantments.
                  | (MR+) [a cacodemon]
 44282 | Crypt:3  | Gained mutation: You regenerate a lot of health from kills.
                  | [demonic ancestry]
 44282 | Crypt:3  | Reached XP level 23. HP: 244/244 MP: 23/23
 44382 | Crypt:3  | Reached skill level 5 in Evocations
 44452 | Crypt:3  | Found the +9 scales of the Dragon King {rPois rF+ rC+ MR+}
 44454 | Crypt:3  | Found the cursed +13 scythe of Curses {drain, *Curse}
 44523 | Crypt:3  | Found a staircase to the Tomb.
 44523 | Crypt:3  | Noticed Jory
 44553 | Crypt:3  | Killed Jory
 44867 | Crypt:3  | Acquired 1014 gold pieces
 44869 | Crypt:3  | Acquired 1033 gold pieces
 45027 | Depths:1 | Entered Level 1 of the Depths
 45065 | Depths:1 | Found a one-way gate to the infinite horrors of the Abyss.
 45373 | Depths:1 | Got a sparkling jade ring
 45562 | Depths:1 | Found a gateway to Hell.
 45704 | Depths:1 | Identified the ring "Rohes" {+Blink rF+ MR+ Int+2} (You
                  | found it on level 1 of the Depths)
 46262 | Depths:2 | Found a one-way gate leading to the halls of Pandemonium.
 46394 | Depths:2 | Noticed a juggernaut
 46395 | Depths:2 | Identified the +8 chain mail of Midsummer {rF+ Dex+4}
 46404 | Depths:2 | Paralysed by a floating eye for 4 turns
 46428 | Depths:2 | Slain by a juggernaut

Illustrated notes

Levels and vault maps discovered:
D:1:      shiori_arrival_maze, layout_loops_ring, minmay_close_crescents
D:2:      layout_basic
D:3:      layout_basic, uniq_ijyb
D:4:      layout_loops_ring, temple_fountains, st_stairs_6
D:5:      layout_loops_ring
D:6:      layout_loops_ring, chequers_ossuary_entry_cave, gammafunk_ghost_grave
D:7:      layout_rooms, ebering_ghost_rock_garden
D:8:      layout_basic, minitemple, erik_lair_island
D:9:      layout_roguey, uniq_prince_ribbit1
D:10:     layout_big_octagon, orc_0_dummy, grunt_ministairs_6, uniq_harold,
          uniq_maurice
D:11:     layout_loops_ring, gauntlet_entry_generic, serial_shops, shop,
          minmay_another_anthill
D:12:     layout_gridville, serial_shops, shop_coins
D:13:     layout_small_grid
D:14:     layout_basic, david_vaults_3, minmay_misc_feat_iff,
          minmay_crystal_room
D:15:     grunt_enter_depths_hoard, layout_cave_pools, grunt_decor_mini_mirrors,
          special_room [special_room_bee], minmay_checkerbox
Temple:   eino_narrow_crystal_temple
Lair:1:   layout_gridlike
Lair:2:   layout_regular_city, dummy_snake_entry, grunt_forest_stairs_basic,
          cheibrodos_lair_lostbears, grunt_megastairs_5
Lair:3:   layout_long_grid, palyth_hydra_swamp_entry, uniq_rupert, uniq_fannar
Lair:4:   layout_cave_pods
Lair:5:   lemuel_slime, layout_regular_city, uniq_kirke
Lair:6:   guppyfry_lair_end_dragon, layout_gridlike, wormcave, slime_dummy,
          serial_bayou_pond_a, serial_bayou_shore_b
Swamp:1:  layout_basic_swamp, serial_swamp_ruin, evilmike_swamp_ruin_house_6,
          evilmike_swamp_ruin_rubble_1, hangedman_swamp_ruin_wall
Swamp:2:  layout_falls_marsh, nicolae_swamp_very_dense_foliage
Swamp:3:  layout_falls_marsh, infiniplex_staircase_pool, swamp_pool5,
          uniq_donald, uniq_jorgrun, uniq_nikola
Swamp:4:  swamp_old_school, layout_basic_swamp
Snake:1:  layout_onion_interference, minmay_snake_pond
Snake:2:  layout_rooms, serial_bayou_shore_b, minmay_shop_grove, uniq_aizul
Snake:3:  layout_onion, serial_shops, shop
Snake:4:  snake_pit, layout_misc_corridors, basic_altar, uniq_vashnia
Orc:1:    layout_caves, serial_shops, shop_scrolls, lemuel_statue_altar
Orc:2:    grunt_orc_gardens, layout_caves, grunt_orc_garden, grunt_orc_garden,
          grunt_orc_garden, grunt_orc_garden, serial_shops, shop_fountains
Elf:1:    eino_elf_arrival_customs, layout_geoelf_diagonals,
          portal_ice_cave_entry_pillars_2, minmay_elf_necromancy,
          minivault_25_ag, minmay_shoptagon
Elf:2:    layout_loops_cross, serial_shops, shop_fountains, shop
Elf:3:    minmay_elf_hall_quartered_circle, layout_onion_city,
          nicolae_elf_v_pinch, minivault_27
Vaults:1: ontoclasm_vaults_ring_small, nicolae_vaults_three_branches,
          nicolae_vaults_network_s, st_greater_box_2, v_pattern_1,
          v_alt_pattern_2, hangedman_vaults_river_flow, v_misc_26,
          nicolae_vaults_little_ls, grunt_vaults_focal, layout_vaults_maze_bifur
Vaults:2: ontoclasm_vaults_eye, v_rooms_6, nicolae_vaults_bisected_exclaves,
          v_alt_pattern_1, nicolae_vaults_triangles, vaults_room_stairs_pillars,
          vaults_room_stairs_pillars, vaults_dpeg_encased_lava,
          special_room_vaults [special_room_orc], layout_vaults_omnigrid,
          dummy_crypt_entry
Vaults:3: grunt_tower_of_power, ontoclasm_vaults_pinch, v_misc_5,
          nicolae_vaults_border_crossing, vaults_room_door_ring, v_misc_19,
          vaults_mumra_hex, vaults_room_fours, layout_vaults_chaotic_city,
          serial_shops, bzr_entry_water
Vaults:4: nicolae_vaults_what_the_h, hangedman_vaults_restitches,
          hangedman_vaults_nails, v_misc_24, ontoclasm_vaults_shuriken,
          nicolae_vaults_network_star, v_rooms_3, vaults_room_hallway,
          ontoclasm_vaults_ligature, nicolae_vaults_theta,
          nicolae_vaults_specimen_jars, vaults_room_grunt_arrival_ludios,
          layout_vaults_omnicross, uniq_boris
Crypt:1:  layout_basic, grunt_crypt_arrival_split
Crypt:2:  layout_misc_corridors, ebering_ghost_xom, minivault_5,
          grunt_megastairs_2, uniq_margery, uniq_mennas, uniq_saint_roka
Crypt:3:  grunt_crypt_end_deaths_head
Depths:1: layout_cave_pools, hangedman_coc_ice_floe, grunt_decor_arrowhead,
          abyss_entry, serial_bayou_lagoon_b
Depths:2: grunt_arcs, layout_cave_shapes, grunt_hell_entry_dis_grunt, pan_entry,
          abyss_entry, serial_bayou_shore_a

Skill      XL: |  1  2  3  4  5  6  7  8  9 10 11 12 13 14 15 16 17 18 19 20 21 22 23 |
---------------+----------------------------------------------------------------------+-----
Dodging        | 3 4 5 6 7 8 9 10 13 15 16 17 18 | 18.0
Long Blades    | 3 4 5 6 7 8 9 10 11 12 13 14 15 16 | 16.0
Stealth        | 1 2 3 4 5 7 8 9 10 11 13 14 15 | 15.0
Fighting       | 3 4 5 6 7 8 10 12 13 14 15 16 17 18 19 21 22 | 22.9
Shields        | 4 7 9 10 12 13 14 15 | 15.1
Armour         | 6 10 11 | 11.1
Evocations     | 4 7 |  7.7
Throwing       | |  1.7

Action                   |  1- 3 |  4- 6 |  7- 9 | 10-12 | 13-15 | 16-18 | 19-21 | 22-24 || total
-------------------------+-------+-------+-------+-------+-------+-------+-------+-------++-------
Melee: Long sword        |   123 |   234 |    93 |       |       |       |       |       ||   450
       Great sword       |       |       |   274 |   399 |   732 |   220 |       |       ||  1625
       Short sword       |       |       |       |       |   542 |   208 |   330 |   120 ||  1200
       Double sword      |       |       |       |       |       |   896 |  1166 |   770 ||  2832
Throw: Throwing net      |       |       |       |     3 |       |     2 |     1 |     2 ||     8
Invok: Lunge             |       |     3 |    31 |    29 |   102 |   104 |   188 |    93 ||   550
       Whirlwind         |       |       |    16 |    48 |    99 |   110 |   253 |    34 ||   560
       Serpent's Lash    |       |       |       |     1 |     3 |     2 |     2 |       ||     8
       Heavenly Storm    |       |       |       |       |     2 |     2 |     2 |       ||     6
 Abil: Wall Jump         |       |       |     1 |     6 |    14 |     8 |    28 |    11 ||    68
Evoke: Wand              |       |       |    13 |     6 |     5 |     4 |       |       ||    28
       Condenser vane    |       |       |       |       |       |       |       |     1 ||     1
  Use: Scroll            |       |       |     6 |    10 |    15 |    13 |     4 |     3 ||    51
       Potion            |       |       |       |     2 |     5 |     8 |       |     3 ||    18
 Stab: Sleeping          |     4 |    20 |    25 |    28 |    66 |    64 |   118 |    62 ||   387
       Distracted        |       |       |     5 |     8 |    16 |    16 |     9 |     7 ||    61
       Held in net/web   |       |       |       |     1 |       |       |     1 |     1 ||     3
       Invisible         |       |       |       |       |     5 |       |       |       ||     5
       Confused          |       |       |       |       |       |     1 |       |     3 ||     4
Armor: Ring mail         |    51 |    93 |   141 |    75 |       |       |       |       ||   360
       Leather armour    |     3 |       |       |    77 |   398 |   267 |   148 |    99 ||   992
Dodge: Dodged            |    93 |   196 |   278 |   398 |  1330 |   689 |   669 |   510 ||  4163
Block: Kite shield       |       |       |       |       |       |   407 |   666 |   493 ||  1566
       Rpst.: Long sword |    30 |    62 |    15 |       |       |       |       |       ||   107
       Great sword       |       |       |    60 |   123 |   277 |    33 |       |       ||   493
       Double sword      |       |       |       |       |       |    78 |   114 |    96 ||   288

Table legend: (Time is in decaauts)
 A = Elapsed time spent in this place.
 B = Non-inter-level travel time spent in this place.
 C = Inter-level travel time spent in this place.
 D = Time resting spent in this place.
 E = Time spent auto-exploring this place.
 F = Levels seen in this place.
 G = Mean time per level.
                   A        B        C        D        E       F      G
               +--------+--------+--------+--------+--------+-----+--------+
         Total |  43771 |  41226 |   2545 |   7470 |  18012 |  49 |  893.3 |
       Dungeon |  12755 |  11889 |    866 |   1817 |   6257 |  15 |  850.3 |
        Temple |     12 |     12 |      0 |      0 |      0 |   1 |   12.0 |
          Lair |   6380 |   5896 |    484 |   1106 |   3186 |   6 | 1063.3 |
         Swamp |   3031 |   2836 |    195 |    247 |   1640 |   4 |  757.8 |
     Snake Pit |   2614 |   2499 |    115 |    221 |   1295 |   4 |  653.5 |
  Orcish Mines |   1891 |   1746 |    145 |    583 |    622 |   2 |  945.5 |
   Elven Halls |   5776 |   5451 |    325 |   1865 |    877 |   3 | 1925.3 |
        Vaults |   4960 |   4671 |    289 |    705 |   2304 |   4 | 1240.0 |
         Crypt |   2940 |   2823 |    117 |    370 |   1182 |   3 |  980.0 |
        Depths |   1244 |   1238 |      6 |    115 |    646 |   2 |  622.0 |
         Abyss |    402 |    402 |      0 |     57 |      0 |   1 |  402.0 |
        Bazaar |    133 |    133 |      0 |      0 |      0 |   1 |  133.0 |
       Ossuary |    247 |    247 |      0 |      0 |      0 |   1 |  247.0 |
      Ice Cave |    939 |    939 |      0 |    351 |      0 |   1 |  939.0 |
      Gauntlet |    439 |    439 |      0 |     29 |      0 |   1 |  439.0 |
               +--------+--------+--------+--------+--------+-----+--------+

Top non-repeatable levels by time:
   Elf:2: 2418 daAuts
  Lair:6: 1701 daAuts
   Elf:3: 1681 daAuts
   Elf:1: 1676 daAuts
Vaults:3: 1590 daAuts
     D:8: 1386 daAuts
Vaults:1: 1268 daAuts
  Lair:3: 1262 daAuts
Vaults:2: 1116 daAuts
     D:1: 1091 daAuts
    D:11: 1084 daAuts
     D:2: 1081 daAuts
 Crypt:3: 991 daAuts
  Lair:4: 989 daAuts
Vaults:4: 985 daAuts
